 Dungeon Crawl Stone Soup version 0.31-a0-700-gf13585253f (webtiles) character file.

Game seed: 17404075194083953581

48 cforsyth the Trooper (level 4, -2/37 HPs)
             Began as a Djinni Chaos Knight on Sept 7, 2023.
             Was a Plaything of Xom.
             Slain by an orc
             ... wielding a +0 flail
              (7 damage)
             ... on level 3 of the Dungeon.
             The game lasted 00:02:04 (1652 turns).

cforsyth the Trooper (Djinni Chaos Knight)          Turns: 1652, Time: 00:02:04

Health: -2/37      AC:  5    Str: 11    XL:     4   Next: 0%
Gold:   34         EV: 11    Int: 15    God:    Xom [..*...] SH:  0 Dex: 13

rFire   + + .        a - +0 falchion (chaos)
rCold   x . .        (no shield)
rNeg    . . .        b - +2 leather armour
rPois   ∞            (no helmet)
rElec   .            (no cloak)
rCorr   .            (no gloves)
SInv    .            (boots unavailable)
Will    .....        (no amulet)
Stlth   +            (no ring)
HPRegen 0.26/turn    (no ring)
MPRegen 0.00/turn

%: infuse magic (-3 HP)
@: flying
A: sickness immunity, fire resistance 2, cold vulnerability 1, float, innate
caster, HP casting, extra vitality 1
a: Renounce Religion


You were on level 3 of the Dungeon.
You worshipped Xom.
You were a toy of Xom.
You visited 1 branch of the dungeon, and saw 3 of its levels.

You collected 34 gold pieces.

Inventory:

Hand Weapons
 a - a +0 falchion of chaos (weapon)
Armour
 b - a +2 leather armour (worn)
 n - the +0 leather armour of Eternity {Str-3 Int+8 SInv}
   (You found it on level 2 of the Dungeon)

   Str-3:     It affects your strength (-3).
   Int+8:     It affects your intelligence (+8).
   SInv:      It lets you see invisible.
Scrolls
 c - a scroll of butterflies
 d - a scroll of fear {unknown}
 j - 3 scrolls of identify {unknown}
 k - 3 scrolls of fog {unknown}
 l - a scroll of enchant weapon {unknown}
 o - a scroll of acquirement {unknown}
Potions
 e - a potion of enlightenment {unknown}
 f - 2 potions of brilliance {unknown}
 g - 2 potions of curing {unknown}
 h - a potion of magic {unknown}
 i - a potion of lignification {unknown}
 m - a potion of degeneration {unknown}


   Skills:
 + Level 3.8 Fighting
 - Level 2.6 Long Blades
 - Level 1.0 Armour
 - Level 2.1 Dodging
 + Level 1.4 Spellcasting
 + Level 1.4 Conjurations
 + Level 1.4 Hexes
   Level 0.0 Charms
 + Level 1.4 Summonings
 + Level 1.4 Necromancy
 + Level 1.4 Translocations
 + Level 1.4 Transmutations
 + Level 1.4 Fire Magic
 + Level 1.4 Ice Magic
 + Level 1.4 Air Magic
 + Level 1.4 Earth Magic
 + Level 1.4 Poison Magic


You knew the following spells:

 Your Spells              Type           Power      Damage    Failure   Level
a - Shock                 Conj/Air       20%        1d4       17%         1
Your spell library was empty.

Dungeon Overview and Level Annotations

Branches:
Dungeon (3/15)

Altars:
The Shining One

Shops:
D:2 (


Innate Abilities, Weirdness & Mutations

You are immune to sickness and miasma.
You are immune to poison.
Your flesh is very heat resistant. (rF++)
You are vulnerable to cold. (rC-)
You float through the air rather than walking.
You learn spells naturally, not from books.
Your magical power is your life essence.
You have superior vitality. (+4 MHP)


Message History

Found a pink potion.
The orc hits you with a +0 hand axe.
You hit the orc but do no damage. The orc hits you with a +0 hand axe.
You hit the orc.
The orc is severely wounded.
An orc comes into view. It is wielding a +0 hand axe.
The orc hits you but does no damage. The orc hits you with a +0 hand axe.
You barely miss the orc.
The orc is severely wounded.
The orc shouts!
You hear a shout!
An orc comes into view. It is wielding a +0 whip.
The orc misses you.
You slash the orc!
You kill the orc!
You hit the orc.
The orc is poisoned.
The orc is lightly wounded.
The orc hits you with a +0 hand axe.
An orc comes into view. It is wielding a +0 flail.
You hit the orc.
The orc is severely wounded.
The orc hits you with a +0 hand axe.
You hit the orc but do no damage.
The orc is almost dead.
You kill the orc!
An orc comes into view. It is wielding a +0 hand axe.
The orc hits you but does no damage. The orc hits you with a +0 whip.
You have reached level 4!
You feel agile.
Unknown command.
The orc attacks as it pursues you! The orc hits you with a +0 whip.
The orc attacks as it pursues you! The orc hits you with a +0 whip.
The orc attacks as it pursues you! The orc hits you with a +0 whip.
The orc attacks as it pursues you! The orc hits you with a +0 whip.
The orc attacks as it pursues you! The orc hits you but does no damage.
The orc attacks as it pursues you! The orc hits you with a +0 flail!
* * * LOW HITPOINT WARNING * * *
The orc attacks as it pursues you! The orc hits you with a +0 whip.
* * * LOW HITPOINT WARNING * * *
The orc attacks as it pursues you! The orc hits you with a +0 flail!
You die...

#.##....# ##....#
##...# ##....##
##..# #.....# ##.#
##....## #.#
#.o..## #.# #...##
#.# #.o..# #.#
#o.### #.###@.##
#.###.##....#
#....####...##
#####.###...8#####
#.#......#.).#
#.##......._.#
###.##.....#...#
#...#.....8#####
#.#####...##


You could see 3 orcs.

Vanquished Creatures
  2 worms
  3 orcs (D:3)
  3 endoplasms (D:1)
  A giant cockroach (D:1)
  4 goblins
  5 hobgoblins
  5 kobolds
  2 quokkas
  2 ball pythons (D:2)
  4 bats
  A frilled lizard (D:1)
  6 rats
38 creatures vanquished.

Notes
Turn   | Place    | Note
-------+----------+-------------------------------------------
     0 | D:1      | cforsyth the Djinni Chaos Knight began the quest for the
                  | Orb.
     0 | D:1      | Reached XP level 1. HP: 20/20 MP: 0/0
    78 | D:1      | XOM: butterfly on damage
   176 | D:1      | Reached XP level 2. HP: 24/25 MP: 0/0
   336 | D:1      | XOM: silly message
   342 | D:1      | Reached skill level 1 in Spellcasting
   342 | D:1      | Reached skill level 1 in Conjurations
   342 | D:1      | Reached skill level 1 in Hexes
   342 | D:1      | Reached skill level 1 in Summonings
   342 | D:1      | Reached skill level 1 in Necromancy
   342 | D:1      | Reached skill level 1 in Translocations
   342 | D:1      | Reached skill level 1 in Transmutations
   342 | D:1      | Reached skill level 1 in Fire Magic
   342 | D:1      | Reached skill level 1 in Ice Magic
   342 | D:1      | Reached skill level 1 in Air Magic
   342 | D:1      | Reached skill level 1 in Earth Magic
   342 | D:1      | Reached skill level 1 in Poison Magic
   470 | D:1      | Reached XP level 3. HP: 30/30 MP: 0/0
   470 | D:1      | Learned a level 1 spell: Shock
   660 | D:2      | Noticed a +0 great mace
   661 | D:2      | Found Oqy Ocum's Weapon Shoppe.
   661 | D:2      | Noticed a +0 great mace
   743 | D:2      | XOM: cloud trail
   848 | D:2      | Identified the orb of Ahaohoter {guile, rF- rCorr Int+3
                  | Dex+3}
   858 | D:2      | XOM: silly message
   989 | D:2      | Identified the +0 leather armour of Eternity {Str-3 Int+8
                  | SInv}
  1049 | D:2      | XOM: silly message
  1219 | D:2      | XOM: divination: magic mapping
  1442 | D:3      | XOM: divination: detect items
  1606 | D:3      | Found a glowing golden altar of the Shining One.
  1641 | D:3      | Reached XP level 4. HP: 26/37 MP: 0/0
  1652 | D:3      | Slain by an orc

Illustrated notes

Levels and vault maps discovered:
D:1:      tarquinn_simple_flora_water_d, layout_rooms,
          shapermc_ecumenical_altar_petra, corexii_item_surrounded_by_moat
D:2:      layout_basic, serial_shops, nicolae_shop_mannequins
D:3:      layout_loops_ring, nicolae_tso_carved_into_rock,
          chequers_temple_overflow_statue_of_worship, minmay_misc_feat_plants

Skill      XL: |  1  2 |
---------------+-------+-----
Spellcasting   | 1 |  1.4
Conjurations   | 1 |  1.4
Hexes          | 1 |  1.4
Summonings     | 1 |  1.4
Necromancy     | 1 |  1.4
Translocations | 1 |  1.4
Transmutations | 1 |  1.4
Fire Magic     | 1 |  1.4
Ice Magic      | 1 |  1.4
Air Magic      | 1 |  1.4
Earth Magic    | 1 |  1.4
Poison Magic   | 1 |  1.4
Fighting       | |  3.8
Long Blades    | |  2.6
Armour         | |  1.0
Dodging        | |  2.1

Action                     |  1- 3 |  4- 6 || total
---------------------------+-------+-------++-------
  Melee: Falchion          |   113 |       ||   113
 Armour: Leather armour    |    70 |     8 ||    78
  Dodge: Dodged            |    64 |       ||    64

Table legend: (Time is in decaauts)
 A = Elapsed time spent in this place.
 B = Non-inter-level travel time spent in this place.
 C = Inter-level travel time spent in this place.
 D = Time resting spent in this place.
 E = Time spent auto-exploring this place.
 F = Levels seen in this place.
 G = Mean time per level.
                   A        B        C        D        E       F      G
               +--------+--------+--------+--------+--------+-----+--------+
         Total |   1670 |   1561 |    109 |      0 |   1245 |   3 |  556.7 |
       Dungeon |   1670 |   1561 |    109 |      0 |   1245 |   3 |  556.7 |
               +--------+--------+--------+--------+--------+-----+--------+

Top non-repeatable levels by time:
     D:2: 822 daAuts
     D:1: 629 daAuts
     D:3: 217 daAuts
